 Dungeon Crawl Stone Soup version 0.24-a0-698-g60d090ba07 (webtiles) character file.

Game seed: 12333776872888426415, levelgen mode: classic

16 sking99 the Digger (level 2, 16/16 HPs)
             Began as a Gargoyle Earth Elementalist on May 29, 2019.
             Quit the game on level 1 of the Dungeon on Feb 1, 2020.
             The game lasted 00:05:01 (725 turns).

sking99 the Digger (Gargoyle Earth Elementalist)     Turns: 725, Time: 00:05:02

Health: 16/16      AC:  4    Str: 11    XL:     2   Next: 54%
Magic:  3/5        EV: 12    Int: 15    God:
Gold:   16         SH:  0    Dex: 10    Spells: 4/5 levels left

rFire    . . .     SeeInvis .   e - +2 dagger (freeze)
rCold    . . .     Gourm    .   (no shield)
rNeg     + . .     Faith    .   c - +0 robe
rPois    ∞         Spirit   .   (no helmet)
rElec    +         Reflect  .   (no cloak)
rCorr    .         Harm     .   (no gloves)
MR       .....                  (no boots)
Stlth    ++........             (no amulet)
HPRegen  0.05/turn              (no ring)
MPRegen  0.09/turn              (no ring)

@: no status effects
A: negative energy resistance 1, electricity resistance, unbreathing,
petrification resistance, rot immunity, AC +2
a: no special abilities


You were on level 1 of the Dungeon.
You were not hungry.

You visited 1 branch of the dungeon, and saw 1 of its levels.

You collected 16 gold pieces.

Inventory:

Hand Weapons
 e - a +2 dagger of freezing (weapon)
Missiles
 b - 11 stones (quivered)
Armour
 c - a +0 robe (worn)
Scrolls
 f - a scroll of teleportation {unknown}
 g - 2 scrolls of identify {unknown}
 h - 2 scrolls of remove curse {unknown}
Potions
 i - a potion of curing {unknown}
Comestibles
 a - 3 chunks of flesh
 d - a ration


   Skills:
 + Level 1.1 Fighting
 - Level 1.5 Dodging
 - Level 2.1 Stealth
 + Level 2.3 Spellcasting
   Level 0.7 Transmutations
 + Level 4.0 Earth Magic


You had 4 spell levels left.
You knew the following spells:

 Your Spells              Type           Power        Failure   Level  Hunger
a - Sandblast             Erth           ##....       4%          1    #......

Your spell library contained the following spells:

 Spells                   Type           Power        Failure   Level  Hunger
 Passwall                 Tmut/Erth      #.......     12%         2    ###....
 Stone Arrow              Conj/Erth      #.....       28%         3    ###....
 Petrify                  Tmut/Erth      #.......     63%         4    #####..
 Lee's Rapid Deconstruct  Erth           ##........   75%         5    ######.


Dungeon Overview and Level Annotations

Branches:
Dungeon (1/15)

Altars:


Innate Abilities, Weirdness & Mutations

You are resistant to torment.
Your stone body is resilient. (AC +2)
You are immune to poison.
You resist negative energy. (rN+)
You are resistant to electric shocks. (rElec)
You can survive without breathing.
You are immune to petrification.
You are immune to rotting.


Message History

A goblin comes into view. It is wielding a +0 club.
Casting: Sandblast (safe; 4% risk of failure)
Confirm with . or Enter, or press ? or * to list all spells.
Aiming: Sandblast (safe; 4% risk of failure)
Press: ? - help, Shift-Dir - straight line, f - goblin
Aim: a goblin, wielding a +0 club The blast of sand hits the goblin.
You kill the goblin!
b - 11 stones Welcome back, sking99 the Gargoyle Earth Elementalist.
Press ? for a list of commands and other information.
Welcome back, sking99 the Gargoyle Earth Elementalist.
Press ? for a list of commands and other information.
Welcome back, sking99 the Gargoyle Earth Elementalist.
Press ? for a list of commands and other information.
Welcome back, sking99 the Gargoyle Earth Elementalist.
Press ? for a list of commands and other information.
Welcome back, sking99 the Gargoyle Earth Elementalist.
Press ? for a list of commands and other information.
Are you sure you want to abandon this character and quit the game? (Confirm with "yes".)

## (. ###) ... #.## ##
#@## ##.### #.# ##.##+##
.. ...^. ..#
##.##...##.#.##.#.#
#.###.##.....#.#..[.#.# #.
#.#.##........#..##..#
##...#.##.........#.....).
#.......'......)..+.......
##...####.........####...#
#..# ##.....[..####...#


There were no monsters in sight!

Vanquished Creatures
  4 bats (D:1)
  2 giant cockroaches (D:1)
  A hobgoblin (D:1)
  4 goblins (D:1)
  2 kobolds (D:1)
  A rat (D:1)
14 creatures vanquished.

Notes
Turn   | Place    | Note
-------+----------+-------------------------------------------
     0 | D:1      | sking99 the Gargoyle Earth Elementalist began the quest for
                  | the Orb.
     0 | D:1      | Reached XP level 1. HP: 10/10 MP: 3/3
   345 | D:1      | Reached XP level 2. HP: 16/16 MP: 3/5
   594 | D:1      | Reached skill level 1 in Fighting
   697 | D:1      | Reached skill level 4 in Earth Magic
   725 | D:1      | Upgraded the game from 0.24-a0-368-g0e0cebd0f3 to
                  | 0.24-a0-415-g6d73c25c48
   725 | D:1      | Upgraded the game from 0.24-a0-415-g6d73c25c48 to
                  | 0.24-a0-698-g60d090ba07
   725 | D:1      | Quit the game

Levels and vault maps discovered:
D:1:      ncdulo_halloftheorcs, layout_loops_corners, minmay_pentomino_t2

Skill      XL: |  1  2 |
---------------+-------+-----
Fighting       | 1 |  1.1
Earth Magic    | 4 |  4.0
Dodging        | |  1.5
Stealth        | |  2.1
Spellcasting   | |  2.3
Transmutations | |  0.7

Action                   || total
-------------------------++-------
 Cast: Sandblast         ||    19
Armor: Robe              ||     4
Dodge: Dodged            ||     5

Table legend:
 A = Non-vault XP
 B = Vault XP
 C = Vault XP percentage of total XP
 D = Non-vault monster count
 E = Vault monster count
 F = Vault count percentage of total count
                 A         B        C        D         E       F
            +---------+---------+-------+---------+---------+-------
      Total |      19 |       4 |  17.4 |      12 |       2 |  14.3
            +---------+---------+-------+---------+---------+-------
        D:1 |      19 |       4 |  17.4 |      12 |       2 |  14.3
            +---------+---------+-------+---------+---------+-------
